 Dungeon Crawl Stone Soup version 0.30.1-11-g7821555f0a (webtiles) character file.

Game seed: 10729495611780370217

6 RancidPinata the Sneak (level 1, -16/16 HPs)
             Began as an Octopode Delver on Jan 12, 2024.
             Demolished by an ogre
             ... wielding a +0 giant club
              (20 damage)
             ... on level 4 of the Dungeon.
             The game lasted 00:01:51 (194 turns).

RancidPinata the Sneak (Octopode Delver)             Turns: 194, Time: 00:01:52

Health: -16/16     AC:  1    Str: 11    XL:     1   Next: 90%
Magic:  1/1        EV: 13    Int: 12    God:
Gold:   12         SH:  0    Dex: 13    Spells: 0/0 levels left

rFire   . . .        a - +0 short sword
rCold   . . .        (no shield)
rNeg    . . .        (helmet restricted)
rPois   .            (no amulet)
rElec   .            (no ring)
rCorr   .            (no ring)
SInv    .            (no ring)
Will    .....        (no ring)
Stlth   ++++         (no ring)
HPRegen 0.22/turn    (no ring)
MPRegen 0.07/turn    (no ring)
                     (no ring)

%: no passive effects
@: no status effects
A: almost no armour, amphibious, 8 rings, camouflage 1, gelatinous body 1,
(nimble swimmer 1), tentacles
a: no special abilities


You were on level 4 of the Dungeon.
You visited 1 branch of the dungeon, and saw 3 of its levels.

You collected 12 gold pieces.

Inventory:

Hand Weapons
 a - a +0 short sword (weapon)
Missiles
 j - 6 stones (quivered)
Jewellery
 k - a ring of ice
Wands
 f - a wand of digging (3)
Scrolls
 b - a scroll of fog
 d - a scroll of fear
 g - a scroll of amnesia {unknown}
 i - a scroll of noise {unknown}
Potions
 e - a potion of haste
 h - a potion of curing {unknown}


   Skills:
 * Level 3.1 Fighting
 + Level 2.0 Short Blades
 * Level 2.2 Dodging
 + Level 6.6 Stealth


You couldn't memorise any spells.
You didn't know any spells.
Your spell library was empty.

Dungeon Overview and Level Annotations

Branches:
Dungeon (6/15)             Temple (0/1) D:4

Altars:

Annotations:
D:5 Pikel


Innate Abilities, Weirdness & Mutations

You cannot wear most types of armour.
You are amphibious.
You can wear up to eight rings at the same time.
Your skin changes colour to match your surroundings (Stealth+).
Your rubbery body absorbs attacks. (AC +1, EV +1)
((You are camouflaged when in or above water. (Stealth+)))
You have tentacles for arms and can constrict up to eight enemies at once.


Message History

The jackal attacks as you move away! The jackal closely misses you.
The jackal bites you.
You completely miss the jackal. Your grab misses the jackal.
The jackal bites you but does no damage.
You barely miss the jackal. Your grab misses the jackal.
You squeeze the jackal, but do no damage.
The jackal barely misses you.
You closely miss the jackal. Your grab misses the jackal.
The jackal misses you.
You hit the jackal but do no damage. Your grab misses the jackal.
The jackal bites you. x2
You miss the jackal. You grab the jackal. You squeeze the jackal.
The jackal is almost dead.
You constrict the jackal, but do no damage.
The jackal bites you but does no damage.
You hit the jackal but do no damage.
The jackal is almost dead.
You constrict the jackal.
You kill the jackal!
The goblin attacks as you move away! The goblin completely misses you.
You open the door. The goblin closely misses you.
The goblin attacks as you move away! The goblin hits you with a +0 club.
Found a scroll labelled TUXUNK OTORONN.
There is an open door here.
As you read the scroll of magic mapping, it crumbles to dust.
You feel aware of your surroundings. The goblin closely misses you.
The goblin attacks as you move away! The goblin barely misses you.
The goblin attacks as you move away! The goblin barely misses you.
An orc comes into view. It is wielding a +0 falchion.
Found an escape hatch in the ceiling.
The goblin attacks as you move away! The goblin closely misses you.
The orc closely misses you.
You hit the orc. You grab the orc. You squeeze the orc.
You kill the orc!
The goblin hits you with a +0 club.
* * * LOW HITPOINT WARNING * * *
The ogre attacks as you move away!
The ogre hits you with a +0 giant club!!
Ouch! That really hurt!
You die...

,*,,,,,,,,,,,,*,,****,*,* *,**,*
,,,,,,,*,,,,.....#***,*,***,**,*
,,,,,,,,,#.*#....#*,*,,,,,,,,,,*
******,**#.##....#*,*,*,,,,,,,,**
,,,,,,,*,..<......<,*,*****,*,,,,
******,*,#.......#*,*,*****,***,*
,,,,,,,,,.....#..#*,*,,,,**,,,,,,
,,,,,*,*,.......)##+#+##,********
****,*,*,####...@......#,* *
*,*,*,......Og......#,* *
*,*,,,........B.....#,*
****,****####..........#,* ,,,,,*
#..........#,*
,,,,*****####..........#,* ***,*
*,,.........?....#,* *,*
*,*#####.........#,* *,* *,*
##'########,*


You could see an ogre, a giant cockroach and a goblin.

Vanquished Creatures
  An orc (D:4)
  A jackal (D:4)
  2 quokkas (D:5)
4 creatures vanquished.

Notes
Turn   | Place    | Note
-------+----------+-------------------------------------------
     0 | D:5      | RancidPinata the Octopode Delver began the quest for the
                  | Orb.
     0 | D:5      | Reached XP level 1. HP: 16/16 MP: 1/1
    16 | D:6      | Noticed an iguana
   120 | D:5      | Noticed an iguana
   126 | D:5      | Noticed Pikel
   126 | D:5      | Noticed a lemure
   126 | D:5      | Noticed a scorpion
   127 | D:5      | Noticed a lemure
   127 | D:5      | Noticed a lemure
   127 | D:5      | Noticed a lemure
   156 | D:4      | Noticed an ogre
   194 | D:4      | Demolished by an ogre

Illustrated notes

Levels and vault maps discovered:
D:4:      layout_basic, temple_hall, uniq_ijyb
D:5:      layout_cave_pools, marbit_many_paths, elyvilon_altar_5,
          kennysheep_little_box, uniq_pikel
D:6:      layout_rooms, amethyst_killhole

Action                     || total
---------------------------++-------
  Melee: Short sword       ||    11
         Tentacles         ||     4
         Constrict         ||     3
    Use: Scroll            ||     1
   Stab: Sleeping          ||     1
 Armour: Skin              ||     6
  Dodge: Dodged            ||    24
